 Dungeon Crawl Stone Soup version 0.19-a0-1875-g4fea3da (webtiles) character file.

56 Amnesiac the Magician (level 4, 0/27 HPs)
             Began as a Halfling Wizard on Oct 13, 2016.
             Succumbed to an adder's poison
             ... on level 3 of the Dungeon.
             The game lasted 00:03:05 (1335 turns).

Amnesiac the Magician (Halfling Wizard)             Turns: 1335, Time: 00:03:06

Health: 0/27       AC:  2    Str:  5 (8)  XL:     4   Next: 15%
Magic:  4/7        EV: 14    Int: 20 (21) God:
Gold:   37         SH:  0    Dex: 12 (13) Spells: 3 memorised, 2 levels left

rFire  . . .     SeeInvis .     e - +2 dagger (freeze)
rCold  . . .     Gourm    .     a - +0 robe
rNeg   . . .     Faith    .     (shield restricted)
rPois  .         Spirit   .     b - +0 hat
rElec  .         Dismiss  .     (no cloak)
rCorr  .         Reflect  .     (no gloves)
MR     .....     Harm     .     (no boots)
Stlth  ++........               (no amulet)
                                (no ring)
                                (no ring)

@: brilliant, lethally poisoned (0 -> -3), flying, repel missiles
A: mutation resistance 1
a: no special abilities


You were on level 3 of the Dungeon.
You were near starving.

You visited 1 branch of the dungeon, and saw 4 of its levels.

You collected 37 gold pieces.

Inventory:

Hand Weapons
 e - a +2 dagger of freezing (weapon)
Armour
 a - a +0 robe (worn)
 b - a +0 hat (worn)
Jewellery
 g - an uncursed amulet of faith {unknown}
 h - an uncursed ring of stealth {unknown}
 k - an uncursed ring of wizardry {unknown}
Scrolls
 j - a scroll of amnesia {unknown}
Books
 c - a book of Minor Magic

   Spells                             Type                      Level
   a - Magic Dart                     Conjuration                  1
   b - Blink                          Translocation                2
   c - Call Imp                       Summoning                    2
   d - Repel Missiles                 Charms/Air                   2
   e - Slow                           Hexes                        2
   f - Conjure Flame                  Conjuration/Fire             3
   g - Mephitic Cloud                 Conjuration/Poison/Air       3
Comestibles
 d - a bread ration


   Skills:
 - Level 2.1 Short Blades
 - Level 2.1 Dodging
 - Level 2.3 Stealth
 - Level 2.5 Spellcasting
 - Level 1.0 Conjurations
   Level 0.7 Summonings
   Level 1.1 Translocations
 + Level 2.2 Air Magic


You had 2 spell levels left.
You knew the following spells:

 Your Spells              Type           Power        Failure   Level  Hunger
a - Repel Missiles        Chrm/Air       ###...       2%          2    ##.....
e - Mephitic Cloud        Conj/Pois/Air  ###.....     3%          3    ###....
z - Magic Dart            Conj           ###.         1%          1    None


Dungeon Overview and Level Annotations

Branches:
Dungeon (4/15)
 Temple: D:4-7

Altars:
Sif Muna


Innate Abilities, Weirdness & Mutations

You are small and have problems with some larger weapons.
You are somewhat resistant to further mutation.


Message History

The adder is engulfed in noxious fumes.
The adder appears confused.
You kill the adder!
Your Air Magic skill increases to level 2!
You have reached level 4!
* * * LOW HITPOINT WARNING * * *
You feel sick.
You hit the goblin. You freeze the goblin.
You kill the goblin!
You hit the goblin. You freeze the goblin.
The goblin is almost dead.
* * * LOW HITPOINT WARNING * * *
You feel sick. The goblin barely misses you.
You closely miss the goblin.
The goblin is almost dead.
The goblin misses you.
You hit the goblin. You freeze the goblin.
You kill the goblin!
You aren't carrying any potions.
An orc comes into view.
You die...

# .......#.# #.### #.
#.#o.g... #.##.
#.##....... #.##.
......... #.... #......
.##### +..... .. ......
#....##.# ...... #..#..
######## ##@#.#
#.#.#### #.#.# #.......
#.#.# #.#..... #...#
#.#..... ##..# #.#.....
######..#######.#.....
.......)>........#.....
########..########.(...
.........#....<..#####


You could see an orc (wandering).

Vanquished Creatures
  4 adders
  2 bats (D:2)
  3 giant cockroaches
  4 goblins
  2 hobgoblins
  2 kobolds
  A rat (D:2)
18 creatures vanquished.

Notes
Turn   | Place    | Note
-------+----------+-------------------------------------------
     0 | D:1      | Amnesiac the Halfling Wizard began the quest for the Orb.
     0 | D:1      | Reached XP level 1. HP: 11/11 MP: 3/3
   471 | D:2      | Reached skill level 1 in Conjurations
   591 | D:2      | Reached XP level 2. HP: 14/17 MP: 1/5
   595 | D:2      | Learned a level 2 spell: Repel Missiles
   679 | D:2      | Reached skill level 1 in Short Blades
   721 | D:2      | Found a faded altar of an unknown god.
   721 | D:2      | Found a faded altar of an unknown god.
   726 | D:2      | Found a deep blue altar of Sif Muna.
   728 | D:2      | Found a faded altar of an unknown god.
   729 | D:2      | Found a faded altar of an unknown god.
   846 | D:2      | Reached XP level 3. HP: 19/21 MP: 6/6
   851 | D:2      | Learned a level 3 spell: Mephitic Cloud
  1050 | D:3      | Reached skill level 1 in Air Magic
  1328 | D:3      | Reached XP level 4. HP: 2/27 MP: 3/7
  1329 | D:3      | HP: 1/27 [poisoned by an adder]
  1335 | D:3      | Succumbed to an adder's poison

Vault maps used:
D:1:      dpeg_arrival_signposts, minmay_misc_feat_rugged
D:2:      chequers_temple_overflow_minitemple, lemuel_coloured_pillars_altar,
          cheibrodos_gnoll_hut
D:3:      kennysheep_doodads, kennysheep_small_spiral
D:4:      grunt_temple_overflow_champion_of_chaos, trog_hazing_becter,
          uniq_robin

Skill      XL: |  1  2  3 |
---------------+----------+-----
Conjurations   | 1 |  1.0
Short Blades   | 2 |  2.1
Air Magic      | 2 |  2.2
Dodging        | |  2.1
Stealth        | |  2.3
Spellcasting   | |  2.5
Summonings     | |  0.7
Translocations | |  1.1

Action                   |  1- 3 |  4- 6 || total
-------------------------+-------+-------++-------
Melee: Unarmed           |    33 |       ||    33
       Dagger            |    49 |     4 ||    53
 Cast: Magic Dart        |    16 |       ||    16
       Repel Missiles    |     1 |       ||     1
       Mephitic Cloud    |     2 |       ||     2
  Use: Potion            |     3 |       ||     3
 Stab: Sleeping          |     1 |       ||     1
Armor: Robe              |    10 |       ||    10
Dodge: Dodged            |    66 |     2 ||    68
       Deflected         |     1 |       ||     1
